 Dungeon Crawl Stone Soup version 0.28.0-53-g5a82cb258f (webtiles) character file.

Game seed: 13537753144072835691

1299 Erymatos the Cleaver (level 8, -2/73 HPs)
             Began as a Minotaur Berserker on June 8, 2022.
             Was a Priest of Trog.
             Slain by a gnoll sergeant
             ... wielding a +0 trident
              (5 damage)
             ... on level 5 of the Dungeon.
             The game lasted 00:05:10 (4381 turns).

Erymatos the Cleaver (Minotaur Berserker)           Turns: 4381, Time: 00:05:11

Health: -2/73      AC: 13    Str: 23    XL:     8   Next: 31%
Magic:  7/7        EV:  7    Int:  4    God:    Trog [***...]
Gold:   158        SH:  0    Dex: 11    Spells: 7/7 levels left

rFire   . . .      SeeInvis .   a - +0 hand axe
rCold   . . .      Faith    .   (no shield)
rNeg    . . .      Spirit   .   k - +0 plate armour
rPois   .          Reflect  .   (helmet restricted)
rElec   .          Harm     .   (no cloak)
rCorr   .          Rampage  .   (no gloves)
Will    .....                   i - +0 pair of boots
Stlth   ..........              (no amulet)
HPRegen 0.22/turn               (no ring)
MPRegen 0.10/turn               (no ring)

@: on berserk cooldown, slowed, very slow
A: horns 2, retaliatory headbutt
a: Renounce Religion, Berserk, Trog's Hand


You were on level 5 of the Dungeon.
You worshipped Trog.
Trog was most pleased with you.
You visited 1 branch of the dungeon, and saw 5 of its levels.

You collected 158 gold pieces.

Inventory:

Hand Weapons
 a - a +0 hand axe (weapon)
Missiles
 u - 7 throwing nets (quivered)
Armour
 i - a +0 pair of boots (worn)
 k - a +0 plate armour (worn)
 t - a +0 buckler
 v - a +0 kite shield
Wands
 n - a wand of digging (6)
 x - a wand of iceblast (11)
Scrolls
 b - 4 scrolls of identify {unknown}
 d - a scroll of immolation {unknown}
 f - 2 scrolls of amnesia {unknown}
 j - 3 scrolls of teleportation {unknown}
 l - 3 scrolls of fear {unknown}
 o - a scroll of vulnerability {unknown}
 p - 2 scrolls of holy word {unknown}
 r - a scroll of fog {unknown}
 w - a scroll of magic mapping {unknown}
Potions
 c - a potion of haste {unknown}
 e - a potion of berserk rage {unknown}
 g - 3 potions of curing {unknown}
 h - a potion of flight {unknown}
 m - a potion of cancellation {unknown}
 q - a potion of might {unknown}
 s - a potion of brilliance {unknown}


   Skills:
 + Level 7.0 Fighting
 + Level 9.8 Axes
 + Level 5.1 Armour
 + Level 2.7 Dodging
 + Level 0.8 Stealth
 + Level 0.1 Shields


You had 7 spell levels left.
You didn't know any spells.
Your spell library was empty.

Dungeon Overview and Level Annotations

Branches:
Dungeon (5/15)             Temple (0/1) D:5

Altars:
Okawaru


Innate Abilities, Weirdness & Mutations

You have a pair of horns on your head.
You reflexively headbutt those who attack you in melee.


Message History

You barely miss the bullfrog zombie.
The bullfrog zombie is heavily damaged.
The bullfrog zombie hits you but does no damage.
The gnoll sergeant hits you from afar with a +0 trident.
The gnoll hits you but does no damage.
The bullfrog zombie hits you but does no damage.
The gnoll sergeant hits you but does no damage.
You slash the bullfrog zombie!
You headbutt the bullfrog zombie, but do no damage.
The bullfrog zombie is severely damaged.
Your skin stops crawling.
You feel less strong-willed. The bullfrog zombie barely misses you.
The gnoll hits you from afar with a +0 spear.
The gnoll sergeant hits you from afar with a +0 trident!
* * * LOW HITPOINT WARNING * * *
The gnoll zaps a wand.
The puff of flame hits you!
* * * LOW HITPOINT WARNING * * *
The bullfrog zombie hits you but does no damage.
Okay, then.
You hit the bullfrog zombie.
The bullfrog zombie is almost destroyed.
The bullfrog zombie hits you.
* * * LOW HITPOINT WARNING * * *
The gnoll sergeant hits you from afar with a +0 trident.
* * * LOW HITPOINT WARNING * * *
The gnoll barely misses you.
The bullfrog zombie hits you but does no damage.
You barely miss the bullfrog zombie. You headbutt the bullfrog zombie.
The bullfrog zombie is almost destroyed.
The gnoll sergeant hits you from afar with a +0 trident.
* * * LOW HITPOINT WARNING * * *
The bullfrog zombie hits you.
* * * LOW HITPOINT WARNING * * *
The gnoll hits you but does no damage. The gnoll sergeant closely misses you.
You hit the bullfrog zombie.
You destroy the bullfrog zombie!
Trog accepts your kill. The gnoll barely misses you.
The gnoll sergeant hits you from afar with a +0 trident.
You die...

.≈≈.. ..#............#..
g≈...###.................
g≈..........#............
g≈..#........... ........
≈≈...<.........##........
≈......................>.
......g............#...(.
......†.####...##........
......g.@......##...##...
..........#.#..##..####..
≈.≈≈......####....##..##.
≈.≈....#..# #....##.)##.
....≈.##..# #.....#''#..
...≈≈. .... ##..........
._.........)(...#........
..≈≈ ##......########...
.......# ###.


You could see a gnoll sergeant and a gnoll.

Vanquished Creatures
  A sky beast (D:5)
  An ice beast (D:5)
  3 ogres (D:5)
  A gnoll sergeant (D:5)
  A water moccasin skeleton (D:5)
  A howler monkey (D:5)
  A bullfrog zombie (D:5)
  9 hounds (D:5)
  A jelly (D:4)
  A gnoll shaman (D:5)
  An orc priest (D:5)
  An iguana (D:4)
  Ijyb (D:4)
  A hound zombie (D:5)
  2 hound skeletons (D:4)
  Robin (D:2)
  11 gnolls (D:5)
  5 adders
  A white imp (D:5)
  An adder skeleton (D:4)
  A worm (D:2)
  3 dart slugs
  3 orcs (D:5)
  A ball python (D:1)
  5 bats
  4 endoplasms
  6 giant cockroaches
  15 goblins
  6 hobgoblins
  11 jackals (D:2)
  5 quokkas
  4 frilled lizards
  7 kobolds
  7 rats
123 creatures vanquished.

Notes
Turn   | Place    | Note
-------+----------+-------------------------------------------
     0 | D:1      | Erymatos the Minotaur Berserker began the quest for the
                  | Orb.
     0 | D:1      | Reached XP level 1. HP: 19/19 MP: 0/0
   129 | D:1      | Reached skill level 4 in Axes
   249 | D:1      | Reached XP level 2. HP: 27/27 MP: 1/1
   606 | D:1      | Found a faded altar of an unknown god.
   915 | D:2      | Reached XP level 3. HP: 27/34 MP: 2/2
  1218 | D:2      | Reached ** piety under Trog
  1843 | D:2      | Identified the +0 helmet "Juosch" {Will+ SInv}
  1843 | D:2      | Noticed Robin
  1852 | D:2      | Reached XP level 4. HP: 36/41 MP: 3/3
  1860 | D:2      | Killed Robin
  1880 | D:2      | Reached skill level 5 in Axes
  2637 | D:3      | You fall into a shaft and drop 1 floor!
  2643 | D:4      | Reached XP level 5. HP: 39/47 MP: 4/4
  2725 | D:4      | Reached skill level 5 in Fighting
  2794 | D:4      | Noticed Ijyb
  2804 | D:4      | Killed Ijyb
  2804 | D:4      | Reached *** piety under Trog
  2805 | D:4      | Reached skill level 6 in Axes
  3248 | D:5      | Entered Level 5 of the Dungeon
  3258 | D:5      | Reached XP level 6. HP: 52/56 MP: 5/5
  3371 | D:5      | Found a staircase to the Ecumenical Temple.
  3466 | D:5      | Reached skill level 7 in Axes
  3569 | D:5      | Reached XP level 7. HP: 61/61 MP: 6/6
  3623 | D:5      | Reached skill level 8 in Axes
  3827 | D:5      | Reached skill level 9 in Axes
  4035 | D:5      | Reached XP level 8. HP: 71/71 MP: 7/7
  4107 | D:5      | Reached skill level 5 in Armour
  4359 | D:5      | Found an iron altar of Okawaru.
  4380 | D:5      | HP: 3/73 [bullfrog zombie (1)]
  4381 | D:5      | Slain by a gnoll sergeant

Illustrated notes

Levels and vault maps discovered:
D:1:      sevenhm_arrival_forest_fort_large_2, layout_loops_cross,
          chequers_ecumenical_altar_twisty, minmay_ruptured
D:2:      layout_basic, grunt_decor_cap, minmay_puff, uniq_robin
D:3:      due_chaos_kobolds, layout_basic, uniq_crazy_yiuf_cottage
D:4:      kennysheep_the_goblin_king, layout_rooms, uniq_ijyb
D:5:      layout_cave_pools, mainiacjoe_overflow_paths,
          mainiacjoe_overflow_small_starburst, minmay_temple_entry_glassed_door,
          gammafunk_ghost_smash, serial_gnoll_camp, gnoll_camp_medium_01,
          gnoll_camp_huts_moat, gnoll_camp_mini_hut, grums_kennel,
          chequers_serial_rivers_small_a, kennysheep_small_square

Skill      XL: |  1  2  3  4  5  6  7  8 |
---------------+-------------------------+-----
Axes           | 4 5 6 7 9 |  9.8
Fighting       | 4 5 6 7 |  7.0
Armour         | 3 4 5 |  5.1
Dodging        | |  2.7
Stealth        | |  0.8
Shields        | |  0.1

Action                   |  1- 3 |  4- 6 |  7- 9 || total
-------------------------+-------+-------+-------++-------
Melee: Hand axe          |    86 |   120 |   121 ||   327
       Headbutt          |    14 |    23 |    30 ||    67
       Punch             |     2 |     1 |       ||     3
Invok: Berserk           |       |     3 |     3 ||     6
       Trog's Hand       |       |       |     1 ||     1
 Stab: Sleeping          |     1 |       |       ||     1
Armor: Animal skin       |     3 |       |       ||     3
       Plate armour      |    25 |    74 |    94 ||   193
Dodge: Dodged            |    47 |    47 |    48 ||   142
Block: Buckler           |       |       |     3 ||     3
